 Dungeon Crawl Stone Soup version 0.26-b1-32-g5d43845318 (webtiles) character file.

Game seed: 11420580259612071013

122 Borgoz the Ducker (level 5, -1/45 HPs)
             Began as a Ghoul Gladiator on Jan 13, 2021.
             Slain by a gnoll
             ... wielding a +2 vorpal spear
              (2 damage)
             ... on level 2 of the Dungeon.
             The game lasted 00:01:48 (1649 turns).

Borgoz the Ducker (Ghoul Gladiator)                 Turns: 1649, Time: 00:01:48

Health: -1/45      AC:  4    Str: 18    XL:     5   Next: 6%
Magic:  4/4        EV: 13    Int:  3    God:
Gold:   107        SH:  0    Dex: 11    Spells: 4/4 levels left

rFire    + . .     SeeInvis .   a - +0 long sword
rCold    + . .     Faith    .   (no shield)
rNeg     + + +     Spirit   .   j - +0 leather armour
rPois    ∞         Reflect  .   c - +0 helmet
rElec    .         Harm     +   f - scarf {harm}
rCorr    .         Rampage  .   (no gloves)
Will     .....                  (no boots)
Stlth    +.........             (no amulet)
HPRegen  0.00/turn              h - ring of protection from fire
MPRegen  0.09/turn              (no ring)

@: no status effects
A: claws 1, cold resistance 1, negative energy resistance 3, inhibited
regeneration, torment resistance, unbreathing
a: no special abilities


You were on level 2 of the Dungeon.
You visited 1 branch of the dungeon, and saw 2 of its levels.

You collected 107 gold pieces.

Inventory:

Hand Weapons
 a - a +0 long sword (weapon)
 b - a +6 short sword
Missiles
 d - 3 throwing nets (quivered)
Armour
 c - a +0 helmet (worn)
 f - a scarf of harm (worn)
 j - a +0 leather armour (worn)
Jewellery
 h - a ring of protection from fire (left claw)
Scrolls
 g - a scroll of blinking {unknown}
 i - a scroll of enchant armour {unknown}
 l - a scroll of teleportation {unknown}
Potions
 e - a potion of berserk rage {unknown}
 m - a potion of haste {unknown}


   Skills:
 * Level 3.3 Fighting
 * Level 3.4 Long Blades
 - Level 1.7 Throwing
 * Level 1.8 Armour
 * Level 3.4 Dodging


You had 4 spell levels left.
You didn't know any spells.
Your spell library was empty.

Dungeon Overview and Level Annotations

Branches:
Dungeon (2/15)

Altars:


Innate Abilities, Weirdness & Mutations

You thrive by killing the living.
You are immune to poison.
You have sharp fingernails.
Your flesh is cold resistant. (rC+)
You are immune to negative energy. (rN+++)
You do not regenerate when monsters are visible.
You are immune to unholy pain and torment.
You can survive without breathing.


Message History

The gnoll hits you from afar with a +0 spear.
* * * LOW HITPOINT WARNING * * *
You rip the net and break free!
The gnoll misses you.
There is an open door here.
There is an open door here.
There is an open door here.
The gnoll hits you from afar with a +2 vorpal spear.
* * * LOW HITPOINT WARNING * * *
x2
There is an open door here.
You see here a +0 club.
You feel a little less clever now.
You see here a stone.
There is an open door here.
You see here a stone.
The gnoll misses you.
There is an open door here.
There is a stone staircase leading up here.
The gnoll hits you from afar with a +2 vorpal spear!
* * * LOW HITPOINT WARNING * * *
You die...

## ###......## ... ###
####........## ..#
#...#.......#'#.#. .....
#.#.#.##.##.#...#.
##.#.##.#...#.<#..##....
........................
#.............######.
#.####.########.# #.
#.....@..# #.# #.
#..#####g# #.# #) #
#.g..# #.# #. #.#### #.#
#. #.#####'###### #.# #.
#........)...# #.######.
######g..(...# #...)....
####.((.......#
#######..
#...)##.......# #(.


You could see a gnoll.

Vanquished Creatures
  A hound (D:2)
  3 adders (D:2)
  A gnoll (D:2)
  An ooze (D:1)
  3 dart slugs
  An orc (D:2)
  A ball python (D:1)
  A giant cockroach (D:1)
  5 goblins
  3 hobgoblins
  4 jackals (D:1)
  2 quokkas (D:2)
  6 bats
  8 kobolds
  4 rats
44 creatures vanquished.

Notes
Turn   | Place    | Note
-------+----------+-------------------------------------------
     0 | D:1      | Borgoz the Ghoul Gladiator began the quest for the Orb.
     0 | D:1      | Reached XP level 1. HP: 17/17 MP: 0/0
   188 | D:1      | Reached XP level 2. HP: 25/25 MP: 1/1
   567 | D:1      | Reached XP level 3. HP: 30/30 MP: 2/2
   633 | D:1      | Reached skill level 1 in Armour
  1101 | D:2      | Reached XP level 4. HP: 38/38 MP: 3/3
  1588 | D:2      | Reached XP level 5. HP: 17/45 MP: 4/4
  1649 | D:2      | HP: 1/45 [gnoll/+2 vorpal spear (8)]
  1649 | D:2      | Slain by a gnoll

Illustrated notes

Levels and vault maps discovered:
D:1:      minmay_arrival_stair_chambers, layout_rooms, chequers_avenue
D:2:      layout_basic

Skill      XL: |  1  2  3 |
---------------+----------+-----
Long Blades    | 3 |  3.4
Dodging        | 3 |  3.4
Armour         | 1 |  1.8
Fighting       | 3 |  3.3
Throwing       | |  1.7

Action                   |  1- 3 |  4- 6 || total
-------------------------+-------+-------++-------
Melee: Long sword        |    87 |    43 ||   130
  Use: Potion            |       |     1 ||     1
Armor: Leather armour    |    39 |    16 ||    55
Dodge: Dodged            |    93 |    35 ||   128
       Rpst.: Long sword |    35 |     9 ||    44
